 Dungeon Crawl Stone Soup version 0.22.0-49-gab54619674 (webtiles) character file.

130951 IceCat the Brawler (level 16, -13/134 HPs)
             Began as a Green Draconian Transmuter on Sept 2, 2018.
             Was the Champion of Cheibriados.
             Blown up by an orb spider (59 damage)
             ... with an orb of destruction
             ... on level 4 of the Spider Nest.
             The game lasted 02:35:33 (24288 turns).

IceCat the Brawler (Green Draconian Transmuter)    Turns: 24288, Time: 02:35:34

Health: -13/134    AC: 21    Str: 39    XL:     16   Next: 54%
Magic:  26/30      EV: 20    Int: 30    God:    Cheibriados [******]
Gold:   1434       SH:  0    Dex: 29    Spells: 9/36 levels left

rFire    + + .     SeeInvis +     - Unarmed
rCold    . . .     Gourm    .   (shield currently unavailable)
rNeg     . . .     Faith    .   (armour unavailable)
rPois    +         Spirit   .   N - +2 hat
rElec    .         Reflect  .   E - scarf {rC+ rF+}
rCorr    .         Harm     .   (gloves currently unavailable)
MR       +....                  k - +0 pair of boots
Stlth    +++.......             f - amulet of regeneration
HPRegen  0.72/turn              o - ring of see invisible
MPRegen  0.22/turn              Z - ring "Ridohoiro" {Fire Str+8 Stlth+}

@: icy armour, blade hands, very slow
A: breathe noxious fumes, unfitting armour, stinger 1, poison resistance,
cold-blooded, AC +9
a: Breathe Noxious Fumes, End Transformation, Bend Time, Temporal Distortion,
Slouch, Step From Time, Renounce Religion


You were on level 4 of the Spider Nest.
You worshipped Cheibriados.
Cheibriados was exalted by your worship.
You were full.
You had blades for hands.
You visited 5 branches of the dungeon, and saw 25 of its levels.
You also visited: Ice Cave.

You collected 2374 gold pieces.
You spent 940 gold pieces at shops.

Inventory:

Hand Weapons
 I - the +8 morningstar "Imp's Peril" {flame, *Noise rElec Int+2}
   (You found it in an ice cave)

   It has been specially enchanted to burn those struck by it, causing extra
   injury to most foes and up to half again as much damage against particularly
   susceptible opponents.
   It affects your intelligence (+2).
   It insulates you from electricity.
   It may make noises in combat.
Missiles
 a - 495 arrows
Armour
 k - a +0 pair of boots (worn)
 B - a +1 cloak of magic resistance
 E - a scarf of resistance (worn)
 N - a +2 hat (worn)
 U - a +0 hat of intelligence
Magical Staves
 Q - an uncursed staff of power
Jewellery
 f - an amulet of regeneration (around neck)
 j - a +5 ring of strength
 o - a ring of see invisible (left scythe-like blade)
 H - the ring "Orheumio" {rPois rF+ rC+ MP+9}
   (You bought it in a shop on level 1 of the Orcish Mines)

   [ring of magical power]

   It protects you from fire.
   It protects you from cold.
   It protects you from poison.
   It affects your magic capacity (+9).
 O - an uncursed ring of resist corrosion
 W - an uncursed amulet of the gourmand
 Z - the ring "Ridohoiro" (right scythe-like blade) {Fire Str+8 Stlth+}
   (You found it on level 6 of the Lair of Beasts)

   [ring of fire]

   It enhances your fire magic.
   It affects your strength (+8).
   It protects you from fire.
   It makes you vulnerable to cold.
   It makes you more stealthy.
Wands
 h - a wand of flame (44)
 n - a wand of disintegration (16)
 u - a wand of acid (24)
 v - a wand of iceblast (22)
 A - a wand of paralysis (18)
 L - a wand of clouds (4)
 M - a wand of enslavement (28)
 P - a wand of scattershot (7)
 T - a wand of polymorph (21)
Scrolls
 d - 10 scrolls of identify
 e - 5 scrolls of enchant weapon
 i - 4 scrolls of teleportation
 l - 7 scrolls of fog
 m - 4 scrolls of magic mapping
 q - 4 scrolls of blinking
 s - 3 scrolls of enchant armour
 t - 9 scrolls of remove curse
 w - a scroll of acquirement
 x - 3 scrolls of fear
 y - 4 scrolls of immolation
 D - a scroll of summoning
 R - 3 scrolls of noise
 X - 3 scrolls of random uselessness
Potions
 b - 11 potions of curing
 g - a potion of ambrosia {unknown}
 p - a potion of cancellation
 r - 3 potions of agility
 z - 3 potions of mutation
 C - 2 potions of invisibility
 G - a potion of flight
 J - 3 potions of magic
 K - 6 potions of brilliance
 S - a potion of might
 V - 3 potions of lignification
Miscellaneous
 F - a lamp of fire
Comestibles
 c - 49 rations


   Skills:
 * Level 9.9 Fighting
 + Level 7.6 Dodging
 * Level 17.9 Unarmed Combat
 + Level 10.5 Spellcasting
 - Level 6.0 Charms
 * Level 4.4 Necromancy
 * Level 11.0 Transmutations
 - Level 7.0 Ice Magic
 * Level 1.5 Earth Magic
 * Level 9.4 Invocations
 + Level 4.6 Evocations


You had 9 spell levels left.
You knew the following spells:

 Your Spells              Type           Power        Failure   Level  Hunger
a - Beastly Appendage     Tmut           ######       5%          1    None
b - Sticks to Snakes      Tmut           ######..     6%          2    None
c - Blade Hands           Tmut           ######....   16%         5    ###....
d - Ozocubu's Armour      Chrm/Ice       ######..     13%         3    None
e - Regeneration          Chrm/Necr      #####.....   16%         3    None
f - Dragon Form           Tmut           ######....   73%         7    ######.
g - Statue Form           Tmut/Erth      ######...    78%         6    #####..

Your spell library contained the following spells:

 Spells                   Type           Power        Failure   Level  Hunger
 Freeze                   Ice            ####         9%          1    None
 Animate Skeleton         Necr           N/A          12%         1    None
 Pain                     Necr           ####         12%         1    None
 Ice Form                 Ice/Tmut       ######..     14%         4    None
 Spider Form              Tmut/Pois      #####.....   16%         3    None
 Ensorcelled Hibernation  Hex/Ice        #####.       17%         2    None
 Throw Frost              Conj/Ice       #####.       17%         2    None
 Vampiric Draining        Necr           #####.....   19%         3    None
 Corona                   Hex            ###....      26%         1    None
 Summon Small Mammal      Summ           ###.         26%         1    None
 Call Imp                 Summ           ###.....     32%         2    None
 Animate Dead             Necr           N/A          34%         4    None
 Hydra Form               Tmut           ######....   34%         6    #####..
 Summon Ice Beast         Ice/Summ       #####...     41%         4    None
 Throw Icicle             Conj/Ice       #####...     41%         4    None
 Call Canine Familiar     Summ           ###.....     45%         3    None
 Confuse                  Hex            ###.....     45%         3    None
 Dazzling Spray           Conj/Hex       ###...       45%         3    None
 Summon Guardian Golem    Hex/Summ       ###.....     45%         3    None
 Tukima's Dance           Hex            ###.....     45%         3    None
 Irradiate                Conj/Tmut      #####.....   45%         5    ###....
 Metabolic Englaciation   Hex/Ice        #####.....   65%         5    ###....
 Ozocubu's Refrigeration  Ice            ######....   71%         6    #####..
 Summon Lightning Spire   Summ/Air       ###.....     75%         4    None
 Simulacrum               Ice/Necr       ######....   83%         6    #####..
 Bolt of Cold             Conj/Ice       #####.....   97%         6    #####..
 Freezing Cloud           Conj/Ice/Air   ####......   99%         6    #####..


Dungeon Overview and Level Annotations

Branches:
Dungeon (12/15)            Temple (1/1) D:7            Lair (6/6) D:9
 Shoals (0/4) Lair:3       Spider (4/4) Lair:4        Slime (0/5) Lair:6
    Orc (2/2) D:11            Elf (0/3) Orc:2

Altars:
Ashenzari
Cheibriados
Dithmenos
Elyvilon
Fedhas
Gozag
Hepliaklqana
Kikubaaqudgha
Makhleb
Nemelex Xobeh
Okawaru
Qazlal
Ru
Sif Muna
Trog
Uskayaw
Vehumet
Wu Jian
Xom
Yredelemnul
Zin
The Shining One
Jiyva

Shops:
D:6 *   Orc:1 *   Orc:2 !*:(

Portals:
Pandemonium: Orc:2

Annotations:
D:8 1 runed door


Innate Abilities, Weirdness & Mutations

You can breathe blasts of noxious fumes.
Your lurid green scales are hard. (AC +9)
You cannot fit into any form of body armour.
Your tail ends in a poisonous barb.
Your system is resistant to poisons. (rPois)
You are cold-blooded and may be slowed by cold attacks.


Message History

The redback poisons you!
You shred the redback!!!
You kill the redback!
Cheibriados appreciates the change of pace.
You feel sick.
Evoke which item? (* to show all) (? for menu, Esc to quit)
Aiming: Paralyse
Press: ? - help, Shift-Dir - straight line, f/p - orb spider
Aim: an orb spider (fully charged, chance to defeat MR: 42%)
The orb spider resists with some effort.
You feel sick.
The orb spider weaves a glowing orb of energy.
An orb of destruction comes into view.
You feel better.
Evoke which item? (* to show all) (? for menu, Esc to quit)
Aiming: Paralyse
Press: ? - help, Shift-Dir - straight line, f/p - orb spider
Aim: an orb spider (chance to defeat MR: 42%)
The orb spider suddenly stops moving!
The orb of destruction hits you!
You die...

#..... #....≈ #≈.^≈##
#..^.≈ #...# #.s.#
####''§####
##.^...†§..####
######........†@.....#
....##..........†.....#
....##.....###..#######
....#......#....##
..(###.....#.....#
....#............#
....#...........##
^...##........###
....##...#†...#


You could see an orb spider (paralysed).

Vanquished Creatures
  Gastronok (Lair:3)
  A frost giant (IceCv)
  A ghost moth (Spider:3)
  3 emperor scorpions
  4 entropy weavers
  A spark wasp (Spider:4)
  A fire dragon (Lair:6)
  Snorg (Lair:3)
  7 hydras
  Harold (D:7)
  Fannar (Lair:1)
  A centaur warrior (D:10)
  5 two-headed ogres
  7 orc high priests
  Nergalle (Lair:2)
  A sun demon (Orc:2)
  An infernal demonspawn (Orc:2)
  A swamp dragon (Lair:6)
  2 shambling mangroves (Lair:4)
  2 gelid demonspawn (Orc:2)
  7 orc knights
  15 orb spiders
  Pikel (D:7)
  20 wolf spiders
  2 ugly things
  6 orc sorcerers
  2 cyclopes
  A moth of wrath (Spider:1)
  6 black mambas
  Joseph (D:8)
  An ice statue (IceCv)
  An orange demon (Orc:2)
  2 rust devils (Orc:2)
  Maurice (D:8)
  A centaur zombie (D:10)
  11 elephants
  7 spiny frogs
  2 torpor snails
  A gargoyle (D:11)
  6 demonic crawlers
  A kobold demonologist (D:11)
  4 komodo dragons
  4 rime drakes
  A hellwing (Orc:2)
  5 trolls
  3 wandering mushrooms
  7 hornets
  29 jumping spiders
  6 slime creatures
  28 polar bears
  A raiju (Lair:6)
  12 hippogriffs
  2 dream sheep (D:9)
  15 blink frogs
  Sigmund (D:6)
  36 redbacks
  17 tarantellas
  55 yaks
  A vampire (D:12)
  4 wyverns
  2 hungry ghosts
  Grum (D:8)
  4 basilisks
  5 steam dragons
  An acid dragon (Lair:6)
  12 wargs
  19 water moccasins
  14 hell hounds (Lair:6)
  6 porcupines
  Duvessa (D:5)
  42 orc warriors
  13 ice beasts
  11 black bears (Lair:6)
  3 sky beasts
  4 slaves (D:7)
  2 phantoms (D:11)
  6 ogres
  39 wolves
  4 centaurs
  16 crocodiles
  7 big kobolds
  12 bullfrogs
  A wyvern zombie (D:12)
  A gnoll sergeant (D:6)
  A water moccasin skeleton (D:6)
  A scorpion (D:6)
  Dowan (D:5)
  20 killer bees
  4 wights (D:9)
  3 electric eels
  4 howler monkeys
  2 crimson imps
  7 jellies
  2 quasits
  2 bullfrog skeletons
  A hound (D:4)
  2 bullfrog zombies
  28 orc priests
  14 orc wizards
  2 centaur skeletons
  12 worker ants
  2 hell rats (Lair:6)
  3 iguanas
  A hound skeleton (D:7)
  A worker ant zombie (D:7)
  19 gnolls
  8 adders
  7 river rats (Lair:6)
  A shadow imp (D:9)
  4 oozes
  An adder skeleton (D:6)
  2 worms
  7 dart slugs
  5 leopard geckos
  83 orcs
  5 giant cockroaches
  4 goblins
  8 hobgoblins
  12 jackals
  10 quokkas
  A ball python (D:7)
  9 bats
  4 frilled lizards
  19 kobolds
  A leopard gecko skeleton (D:6)
  7 rats
  2 plants (Lair:4)
927 creatures vanquished.

Vanquished Creatures (collateral kills)
  Eustachio (D:6)
  A bullfrog (D:6)
  An orc (D:6)
3 creatures vanquished.

Vanquished Creatures (others)
  A wolf (IceCv)
  An orc wizard (D:10)
  A gnoll (D:6)
  8 fungi
  25 plants
36 creatures vanquished.

Grand Total: 966 creatures vanquished

Notes
Turn   | Place    | Note
-------+----------+-------------------------------------------
     0 | D:1      | IceCat the Draconian Transmuter began the quest for the
                  | Orb.
     0 | D:1      | Reached XP level 1. HP: 16/16 MP: 3/3
   143 | D:1      | Reached XP level 2. HP: 21/23 MP: 1/5
  1133 | D:2      | Reached XP level 3. HP: 27/28 MP: 4/6
  1610 | D:3      | Reached XP level 4. HP: 18/35 MP: 7/7
  2173 | D:3      | Reached skill level 4 in Unarmed Combat
  2173 | D:3      | Reached XP level 5. HP: 33/40 MP: 9/9
  2369 | D:4      | Noticed a centaur
  2579 | D:4      | Noticed an ogre
  2697 | D:4      | Learned a level 2 spell: Sticks to Snakes
  2705 | D:4      | Found a hazy altar of Hepliaklqana.
  2767 | D:4      | Killed a centaur
  2767 | D:4      | Reached XP level 6. HP: 11/47 MP: 10/10
  3102 | D:4      | Reached skill level 5 in Unarmed Combat
  3163 | D:5      | Entered Level 5 of the Dungeon
  3276 | D:5      | Your scales start taking on a lurid green colour.
  3276 | D:5      | Reached XP level 7. HP: 53/53 MP: 12/12
  3276 | D:5      | Gained mutation: Your system is resistant to poisons.
                  | (rPois) [Green Draconian growth]
  3580 | D:5      | Noticed Dowan
  3583 | D:5      | Noticed Duvessa
  3628 | D:5      | Killed Dowan
  3840 | D:5      | Reached skill level 6 in Unarmed Combat
  3840 | D:5      | Reached skill level 1 in Evocations
  4162 | D:5      | Killed Duvessa
  4315 | D:5      | Found a shattered altar of Ashenzari.
  4317 | D:5      | Found a sparkling altar of Nemelex Xobeh.
  4317 | D:5      | Found a glowing silver altar of Zin.
  4415 | D:6      | Noticed an angel
  4417 | D:6      | Found a glowing golden altar of the Shining One.
  4420 | D:6      | Found Obugruq's Hallowed Reliquary.
  4421 | D:6      | Noticed Eustachio
  4429 | D:6      | Reached skill level 5 in Transmutations
  4441 | D:6      | Killed Eustachio
  4441 | D:6      | Reached XP level 8. HP: 52/61 MP: 7/14
  4476 | D:6      | Reached skill level 7 in Unarmed Combat
  4532 | D:6      | Got a scorched trident {flame}
  4533 | D:6      | Identified the +7 trident of Radicalism {flame, rC- rN+++
                  | MR+ MP-9} (You took it off an orc priest on level 6 of the
                  | Dungeon)
  4952 | D:6      | Reached XP level 9. HP: 45/68 MP: 16/16
  5082 | D:6      | Reached skill level 8 in Unarmed Combat
  5082 | D:6      | Reached skill level 5 in Spellcasting
  5401 | D:6      | Noticed Sigmund
  5409 | D:6      | Killed Sigmund
  5653 | D:6      | Learned a level 5 spell: Blade Hands
  5923 | D:7      | Noticed Harold
  5937 | D:7      | Killed Harold
  5937 | D:7      | Reached skill level 9 in Unarmed Combat
  6181 | D:7      | Reached XP level 10. HP: 62/77 MP: 12/18
  6182 | D:7      | Noticed Pikel
  6192 | D:7      | Killed Pikel
  6334 | D:7      | Found a staircase to the Ecumenical Temple.
  6361 | Temple   | Entered the Ecumenical Temple
  6474 | Temple   | Became a worshipper of Cheibriados the Contemplative
  6855 | D:8      | Noticed Maurice
  6860 | D:8      | Noticed a two-headed ogre
  6871 | D:8      | Killed Maurice
  6875 | D:8      | Killed a two-headed ogre
  6875 | D:8      | Reached skill level 5 in Dodging
  6914 | D:8      | Noticed Grum
  6921 | D:8      | Killed Grum
  6921 | D:8      | Reached skill level 10 in Unarmed Combat
  6925 | D:8      | Reached * piety under Cheibriados
  7233 | D:8      | Noticed Joseph
  7237 | D:8      | Killed Joseph
  7239 | D:8      | Found a runed door.
  7239 | D:8      | Noticed a deep elf archer
  7239 | D:8      | Noticed a cyclops
  7240 | D:8      | Noticed a brown very ugly thing
  7241 | D:8      | Noticed a centaur warrior
  7241 | D:8      | Noticed a centaur warrior
  7241 | D:8      | Noticed a wolf spider
  7486 | D:9      | Reached ** piety under Cheibriados
  7569 | D:9      | Reached XP level 11. HP: 82/82 MP: 21/21
  7605 | D:9      | Found a staircase to the Lair.
  7612 | D:9      | Noticed a three-headed hydra
  7663 | D:9      | Noticed a two-headed ogre
  7668 | D:9      | Killed a two-headed ogre
  7668 | D:9      | Reached skill level 1 in Invocations
  7903 | D:9      | Noticed a two-headed ogre
  7912 | D:9      | Killed a two-headed ogre
  8083 | D:9      | Reached skill level 11 in Unarmed Combat
  8110 | Lair:1   | Entered Level 1 of the Lair of Beasts
  8195 | D:9      | Reached *** piety under Cheibriados
  8392 | D:9      | Killed a three-headed hydra
  8392 | D:9      | Reached skill level 10 in Transmutations
  8618 | D:9      | Learned a level 3 spell: Ozocubu's Armour
  8626 | D:9      | Identified a scroll of acquirement
  8641 | D:10     | Entered Level 10 of the Dungeon
  8653 | D:10     | Noticed a centaur warrior
  8796 | D:10     | Reached **** piety under Cheibriados
  8928 | D:10     | Reached skill level 1 in Ice Magic
  8932 | D:10     | Killed a centaur warrior
  8932 | D:10     | Reached skill level 1 in Charms
  9496 | D:11     | Found a frozen archway.
  9557 | D:11     | Noticed a green ugly thing
  9565 | D:11     | Killed a green ugly thing
  9565 | D:11     | Reached skill level 12 in Unarmed Combat
  9565 | D:11     | Reached XP level 12. HP: 93/93 MP: 17/23
  9639 | IceCv    | Entered an ice cave
  9725 | IceCv    | Reached skill level 5 in Fighting
  9903 | IceCv    | Reached ***** piety under Cheibriados
 10119 | IceCv    | Noticed a frost giant
 10140 | IceCv    | Killed a frost giant
 10156 | IceCv    | Reached skill level 13 in Unarmed Combat
 10277 | IceCv    | Got an encrusted morningstar
 10394 | IceCv    | Identified the +8 morningstar "Imp's Peril" {flame, *Noise
                  | rElec Int+2} (You found it in an ice cave)
 10535 | D:11     | Noticed a two-headed ogre
 10549 | D:11     | Killed a two-headed ogre
 10565 | D:11     | Found a shimmering altar of Xom.
 11015 | D:11     | Found a staircase to the Orcish Mines.
 11287 | D:12     | Reached XP level 13. HP: 69/103 MP: 21/25
 11379 | D:12     | Reached ****** piety under Cheibriados
 11407 | D:12     | Reached skill level 5 in Invocations
 12184 | Lair:1   | Reached skill level 14 in Unarmed Combat
 12381 | Lair:1   | Noticed Fannar
 12386 | Lair:1   | Killed Fannar
 12747 | Lair:2   | Noticed Nergalle
 12757 | Lair:2   | Killed Nergalle
 12767 | Lair:2   | Reached skill level 5 in Ice Magic
 13484 | Lair:3   | Found a staircase to the Shoals.
 13484 | Lair:3   | Noticed Snorg
 13494 | Lair:3   | Killed Snorg
 13608 | Lair:3   | You fall through a shaft for 2 floors!
 13863 | Lair:3   | Gained mutation: Your tail ends in a poisonous barb. [Green
                  | Draconian growth]
 13863 | Lair:3   | Reached XP level 14. HP: 99/113 MP: 27/27
 13870 | Lair:3   | Noticed Gastronok
 13879 | Lair:3   | Killed Gastronok
 14372 | Lair:4   | Got a jewelled mace
 14386 | Lair:4   | Identified the +2 mace "Tieduext" {venom, Str+4 Int+2
                  | Dex+2} (You found it on level 4 of the Lair of Beasts)
 14460 | Lair:4   | Reached skill level 15 in Unarmed Combat
 14704 | Lair:4   | Found a hole to the Spider Nest.
 15315 | Lair:5   | Reached skill level 5 in Charms
 15599 | Lair:6   | Entered Level 6 of the Lair of Beasts
 15659 | Lair:6   | Found a runed door.
 15660 | Lair:6   | Found a viscous altar of Jiyva.
 15662 | Lair:6   | Found a staircase to the Slime Pits.
 16297 | Lair:6   | Got a dazzling falchion
 16299 | Lair:6   | Identified the +1 falchion of Hubris {flame, rN+} (You
                  | found it on level 6 of the Lair of Beasts)
 16350 | Lair:6   | Learned a level 3 spell: Regeneration
 16906 | Lair:6   | Reached skill level 16 in Unarmed Combat
 17190 | Lair:6   | Got a transparent bone ring
 17191 | Lair:6   | Identified the ring "Ridohoiro" {Fire Str+8 Stlth+} (You
                  | found it on level 6 of the Lair of Beasts)
 17445 | Lair:6   | Reached XP level 15. HP: 113/123 MP: 18/28
 17852 | Orc:1    | Entered Level 1 of the Orcish Mines
 18050 | Orc:2    | Entered Level 2 of the Orcish Mines
 18614 | Orc:1    | Found Newkacuz's Assorted Antiques.
 18620 | Orc:1    | Bought a crude brass ring for 115 gold pieces
 18620 | Orc:1    | Identified the ring "Orheumio" {rPois rF+ rC+ MP+9} (You
                  | bought it in a shop on level 1 of the Orcish Mines)
 18625 | Orc:1    | Paralysed by an orc sorcerer for 3 turns
 19182 | Orc:2    | Found a staircase to the Elven Halls.
 19698 | Orc:2    | Found Optoppic's General Store.
 19707 | Orc:2    | Found Zybaish's Distillery.
 20060 | Orc:2    | Reached skill level 1 in Necromancy
 20248 | Orc:2    | Found Devvoerchoi's Book Shoppe.
 20248 | Orc:2    | Found a one-way gate leading to the halls of Pandemonium.
 20248 | Orc:2    | Found Rujuod's Antique Weapon Emporium.
 20269 | Orc:2    | Bought a book of Transfigurations for 825 gold pieces
 20277 | Orc:2    | Learned a level 7 spell: Dragon Form
 20284 | Orc:2    | Learned a level 6 spell: Statue Form
 20611 | Spider:1 | Entered Level 1 of the Spider Nest
 20877 | Spider:1 | Reached skill level 10 in Spellcasting
 21045 | Spider:1 | Reached skill level 17 in Unarmed Combat
 22741 | Spider:3 | Reached XP level 16. HP: 128/132 MP: 22/30
 23945 | Spider:4 | Entered Level 4 of the Spider Nest
 24232 | Spider:4 | Reached skill level 1 in Earth Magic
 24288 | Spider:4 | Blown up by an orb spider

Skill      XL: |  1  2  3  4  5  6  7  8  9 10 11 12 13 14 15 16 |
---------------+-------------------------------------------------+-----
Transmutations | 3 4 5 6 8 9 10 11 | 11.0
Dodging        | 2 3 4 5 6 7 |  7.6
Unarmed Combat | 4 5 6 7 9 10 12 13 14 16 17 | 17.9
Spellcasting   | 3 4 5 7 8 9 10 | 10.5
Evocations     | 1 2 3 4 |  4.6
Fighting       | 2 3 4 6 7 8 9 |  9.9
Invocations    | 3 4 6 7 8 9 |  9.4
Ice Magic      | 1 4 5 6 7 |  7.0
Charms         | 1 3 4 5 6 |  6.0
Necromancy     | 3 4 |  4.4
Earth Magic    | 1 |  1.5

Action                   |  1- 3 |  4- 6 |  7- 9 | 10-12 | 13-15 | 16-18 || total
-------------------------+-------+-------+-------+-------+-------+-------++-------
Melee: Unarmed           |   122 |   145 |   311 |   517 |   917 |   168 ||  2180
       Tailslap          |     6 |    22 |    39 |    81 |   165 |    37 ||   350
       Headbutt          |     6 |    26 |    64 |    25 |     8 |       ||   129
       Kick              |     3 |       |       |       |       |       ||     3
       Punch             |       |     3 |     8 |    32 |    82 |    19 ||   144
 Cast: Beastly Appendage |    24 |    24 |    39 |    14 |     5 |       ||   106
       Sticks to Snakes  |       |     2 |     4 |     1 |       |       ||     7
       Blade Hands       |       |       |     2 |    45 |    86 |    13 ||   146
       Ozocubu's Armour  |       |       |       |     2 |    50 |    14 ||    66
       Regeneration      |       |       |       |       |       |     1 ||     1
Invok: Slouch            |       |       |       |     1 |     3 |       ||     4
       Temporal Distorti |       |       |       |     1 |     3 |       ||     4
       Bend Time         |       |       |       |     1 |       |       ||     1
 Abil: Breathe Noxious F |       |       |     2 |     2 |       |       ||     4
       End Transformatio |       |       |       |     1 |     5 |     1 ||     7
Evoke: Wand              |       |     6 |    14 |    16 |   107 |    13 ||   156
       Lamp of fire      |       |       |       |     1 |       |       ||     1
  Use: Scroll            |     1 |     3 |     1 |    11 |    12 |     2 ||    30
       Potion            |       |       |     4 |       |       |     6 ||    10
 Stab: Sleeping          |     1 |     1 |       |     2 |     3 |       ||     7
       Distracted        |       |       |     1 |     1 |     4 |     2 ||     8
       Confused          |       |       |     1 |       |       |       ||     1
       Paralysed         |       |       |       |     1 |     9 |    10 ||    20
  Eat: Chunk             |     3 |     6 |    10 |    22 |    58 |     6 ||   105
Armor: Skin              |    45 |    53 |    69 |   124 |   221 |    59 ||   571
Dodge: Dodged            |    78 |    71 |   123 |   354 |   780 |   183 ||  1589
